cohdb
Replays
Latest Replays
All Replays
Popular Replays
Top Player Replays
Match Explorer
How It Works
Community
CoH3 Stats
Reddit
Sign in to upload your games and track your stats! →
Sign in with Steam
Match 44643611
Unlisted
Match 44643611
Overview
Messages
Build Orders
End
Panzergrenadier Squad
Selects Panzerjäger Kommand Battlegroup
Selects Blockade Equipment
Panzergrenadier Squad
Panzergrenadier Squad
Construct Light Support Kompanie
Selects Tank Busters
Selects Crew Shock Tactics
2.5-tonne Medical Truck
MG34 Team
Construct Mechanized Kompanie
Veteran Squad Leaders
Construct Panzerarmee Kommand
Panzerjäger Mechanized Group
Selects Anti-tank Overwatch
Panzerjäger Squad
Flak 36 Anti-tank Gun Team
Agent Smith
FW | KILO
Robin Da Hood
Mark29
coh3=shit
Number 60
0
0
Comments
sign in to comment!
No comments posted yet!